 Seeded DCSS version 0.30.0-5-g1a98f26d00 (webtiles) character file.

Game seed: 15472177024720369056 (custom seed)

15778 qeuew the Protected (level 12, -4/108 HPs)
             Began as a Minotaur Fighter on May 8, 2023.
             Was an Initiate of Gozag.
             Slain by a death yak (5 damage)
             ... on level 2 of the Lair of Beasts.
             The game lasted 00:11:20 (9147 turns).

qeuew the Protected (Minotaur Fighter)              Turns: 9147, Time: 00:11:20

Health: -4/108     AC: 15    Str: 30    XL:     12   Next: 4%
Magic:  2/2        EV: 13    Int:  5    God:    Gozag
Gold:   949        SH:  0    Dex: 18    Spells: 11/11 levels left

rFire   + . .        x - +8 frozen axe "Frostbite" {freeze, freezing cloud, *Noise Fly rC+}
rCold   + . .        (shield currently unavailable)
rNeg    . . .        w - +0 chain mail {rF+}
rPois   +            (helmet restricted)
rElec   +            (no cloak)
rCorr   .            (no gloves)
SInv    .            i - +1 pair of boots "Vibbinu" {rElec MP-9 Dex+6}
Will    +....        (no amulet) Stlth
                     o - +6 ring of strength
HPRegen 1.18/turn    (no ring)
MPRegen 0.08/turn

%: no passive effects
@: gold aura, flying
A: horns 2, retaliatory headbutt, strong-willed 1, poison resistance,
regeneration 1, sturdy frame 1, noise suppression
a: Renounce Religion, Potion Petition, Call Merchant, Bribe Branch


You were on level 2 of the Lair of Beasts.
You worshipped Gozag.
Gozag was pleased with you.
You visited 3 branches of the dungeon, and saw 11 of its levels.

You collected 2024 gold pieces.
You spent 917 gold pieces at shops.
You paid 158 gold pieces to Gozag.

Inventory:

Hand Weapons
 x - the +8 frozen axe "Frostbite" (weapon) {freeze, freezing cloud, *Noise Fly rC+}
   (You bought it in a shop on level 2 of the Dungeon)

   rC:        It protects you from cold.
   Fly:       It grants you flight.
   *Noise:    It may make noises in combat.
Armour
 i - the +1 pair of boots "Vibbinu" (worn) {rElec MP-9 Dex+6}
   (You found it on level 2 of the Dungeon)

   Dex:       It affects your dexterity (+6).
   rElec:     It insulates you from electricity.
   MP:        It affects your magic capacity (-9).
 w - a +0 chain mail of fire resistance (worn)
Jewellery
 o - a +6 ring of strength (left hand)
Wands
 c - a wand of paralysis (3)
 m - a wand of flame (72)
 u - a wand of roots (3)
 v - a wand of acid (13)
Scrolls
 b - 3 scrolls of blinking
 e - 2 scrolls of enchant armour
 k - 11 scrolls of teleportation
 l - a scroll of magic mapping
 n - a scroll of fear
 q - a scroll of identify
 s - 2 scrolls of enchant weapon
 t - 5 scrolls of poison
 y - a scroll of acquirement {unknown}
 z - a scroll of silence {unknown}
Potions
 a - a potion of heal wounds
 d - 6 potions of might
 f - a potion of magic
 g - 9 potions of curing
 h - 2 potions of cancellation
 j - a potion of invisibility
 p - 2 potions of haste
 r - 4 potions of flight


   Skills:
 + Level 10.8 Fighting
 + Level 10.6 Axes
 * Level 12.5 Armour
 + Level 5.6 Dodging
 + Level 10.9 Shields
 + Level 6.0 Evocations


You had 11 spell levels left.
You didn't know any spells.
Your spell library contained the following spells:

 Spells                   Type           Power      Damage    Failure   Level
 Freeze                   Ice            0%         1d3       75%         1
 Magic Dart               Conj           0%         1d3       75%         1
 Ensorcelled Hibernation  Hex/Ice        0%         N/A       87%         2
 Scorch                   Fire           0%         2d5       87%         2
 Searing Ray              Conj           0%         2d4       87%         2
 Call Canine Familiar     Summ           0%         N/A       98%         3
 Frozen Ramparts          Ice            0%         1d1       98%         3
 Hailstorm                Conj/Ice       0%         3d3       98%         3
 Ignite Poison            Fire/Tmut/Pois 0%         N/A       98%         3
 Portal Projectile        Hex/Tloc       0%         N/A       98%         3
 Spider Form              Tmut/Pois      0%         N/A       98%         3
 Anguish                  Hex/Necr       0%         N/A       100%        4
 Flame Wave               Conj/Fire      0%         2d4       100%        4
 Fulminant Prism          Conj/Hex       0%         3d5       100%        4
 Leda's Liquefaction      Hex/Erth       0%         N/A       100%        4
 Sticky Flame             Conj/Fire      0%         2d3       100%        4
 Summon Cactus Giant      Summ           0%         N/A       100%        6
 Ignition                 Fire           0%         3d3       100%        8


Dungeon Overview and Level Annotations

Branches:
Dungeon (8/15)             Temple (1/1) D:5            Lair (2/5) D:8
  Swamp: Lair:2-3    Shoals: Lair:2-3     Snake: Lair:2-3    Spider: Lair:2-3

Altars:
Ashenzari
Cheibriados
Dithmenos
Elyvilon
Fedhas
Gozag
Hepliaklqana
Kikubaaqudgha
Nemelex Xobeh
Okawaru
Qazlal
Sif Muna
Trog
Uskayaw
Vehumet
Wu Jian
Xom
Yredelemnul
Zin

Shops:
D:1 =   D:2 (   D:7 (


Innate Abilities, Weirdness & Mutations

You have a pair of horns on your head.
You reflexively headbutt those who attack you in melee.
You are strong-willed. (Will+)
Your system is resistant to poisons. (rPois)
Your natural rate of healing is unusually fast.
Your movements are slightly less encumbered by armour. (ER -2)
You passively dampen the noise of your surroundings.


Message History

The death yak barely misses you. The death yak closely misses you.
The death yak gores you!
You slice the death yak!! You freeze the death yak! You headbutt the death yak.
The death yak is almost dead.
You slash the death yak! You freeze the death yak. You slash the death yak!
You freeze the death yak.
The death yak is engulfed in freezing vapours.
The death yak gores you!!
The death yak is engulfed in freezing vapours.
The death yak gores you!!
You slash the death yak! You freeze the death yak.
Your headbutt misses the death yak.
The death yak is lightly wounded.
You hit the death yak but do no damage. You slice the death yak!!
You freeze the death yak.
You kill the death yak!
You slash the death yak! You freeze the death yak. The death yak gores you!
The death yak is engulfed in freezing vapours.
The death yak gores you!!
* * * LOW HITPOINT WARNING * * *
The death yak gores you but does no damage.
You have reached level 12!
You feel agile.
You barely miss the death yak.
The death yak is lightly wounded.
You hit the death yak. You freeze the death yak. You slash the death yak!
You freeze the death yak.
The death yak is engulfed in freezing vapours.
The death yak gores you but does no damage.
The death yak is engulfed in freezing vapours.
The death yak barely misses you. The death yak gores you.
* * * LOW HITPOINT WARNING * * *
The death yak is engulfed in freezing vapours.
The death yak gores you!
* * * LOW HITPOINT WARNING * * *
The death yak is engulfed in freezing vapours.
You kill the death yak!
The death yak gores you.
You die...
Your body crumbles into a pile of gold.

############# ### ###
#.##..#P##.#.##.####...#
.................Y......
................@Y...#
##.#......P##.##$○..?#
###.......##...###...#
..........##.....##..# ... #..
...P.............# ..# ...... ...
..#..............# .##.....) ...
...#......#......# ..........#..
..........#....P###..........#...
..#.......##..#####..#..#.#.>.#..


You could see 2 death yaks.

Vanquished Creatures
  A two-headed ogre (D:8)
  A boulder beetle (D:8)
  2 death yaks (Lair:2)
  3 elephants (Lair:2)
  2 cane toads (Lair:1)
  3 rime drakes
  3 komodo dragons (Lair:2)
  A polar bear (Lair:1)
  Sigmund (D:3)
  A wyvern (D:8)
  25 yaks
  Eustachio (D:6)
  A steam dragon (Lair:1)
  11 water moccasins
  Duvessa (D:6)
  3 ice beasts
  3 orc warriors
  6 black bears
  3 centaurs
  4 ogres
  6 wolves (Lair:1)
  A phantom (D:7)
  Blork the orc (D:5)
  A kobold brigand (D:7)
  10 bullfrogs
  2 scorpions
  A gnoll sergeant (D:4)
  9 wights
  Dowan (D:6)
  8 killer bees (D:8)
  4 howler monkeys
  2 hounds
  3 orc priests
  3 jellies
  A gnoll bouda (D:7)
  4 sleepcaps
  Jessica (D:3)
  4 orc wizards
  Ijyb (D:5)
  Natasha (thrice) (D:2)
  8 iguanas
  Robin (D:3)
  9 gnolls (D:4)
  11 adders
  A shadow imp (D:7)
  A white imp (D:7)
  5 ufetubi
  2 dart slugs (D:4)
  45 orcs
  4 endoplasms
  5 giant cockroaches
  12 goblins
  14 hobgoblins
  3 jackals (D:1)
  4 quokkas
  8 ball pythons
  6 bats
  3 frilled lizards
  7 kobolds
  6 rats
297 creatures vanquished.

Notes
Turn   | Place    | Note
-------+----------+-------------------------------------------
     0 | D:1      | qeuew the Minotaur Fighter began the quest for the Orb.
     0 | D:1      | Reached XP level 1. HP: 19/19 MP: 0/0
   268 | D:1      | Reached XP level 2. HP: 25/27 MP: 1/1
   735 | D:1      | Found Cahaisu's Jewellery Shoppe.
  1064 | D:2      | Found Pir Gyes's Weapon Boutique.
  1082 | D:2      | Reached skill level 4 in Armour
  1091 | D:2      | Noticed Natasha
  1098 | D:2      | Killed Natasha
  1099 | D:2      | Reached XP level 3. HP: 30/33 MP: 2/2
  1141 | D:2      | Identified the +1 pair of boots "Vibbinu" {rElec MP-9
                  | Dex+6}
  1244 | D:2      | Noticed Natasha
  1249 | D:2      | Killed Natasha
  1250 | D:2      | Reached XP level 4. HP: 34/41 MP: 0/3
  1398 | D:2      | Noticed Natasha
  1403 | D:2      | Killed Natasha
  2232 | D:3      | Reached XP level 5. HP: 21/47 MP: 0/4
  2232 | D:3      | Noticed Robin
  2363 | D:3      | Killed Robin
  2422 | D:3      | Noticed Jessica
  2428 | D:3      | Killed Jessica
  2429 | D:3      | Reached skill level 5 in Shields
  2451 | D:3      | Noticed Sigmund
  2465 | D:3      | Killed Sigmund
  2466 | D:3      | Reached skill level 5 in Fighting
  2466 | D:3      | Reached skill level 5 in Armour
  2466 | D:3      | Reached XP level 6. HP: 47/56 MP: 0/5
  2848 | D:3      | Identified the +0 chain mail "Jub Foc" {+Inv rElec rPois
                  | Dex-3}
  2961 | D:3      | Gained mutation: You are covered in fur. (AC +1) [potion of
                  | mutation]
  2961 | D:3      | Gained mutation: Your mind is acute. (Int +4, Str/Dex -1)
                  | [potion of mutation]
  3230 | D:4      | Reached skill level 5 in Axes
  3230 | D:4      | Reached XP level 7. HP: 62/62 MP: 0/6
  3406 | D:4      | Identified the +3 dagger "Beetleslayer" {heavy, Str+3}
  3422 | D:4      | Lost mutation: You are covered in fur. (AC +1) [potion of
                  | mutation]
  3422 | D:4      | Lost mutation: Your mind is acute. (Int +4, Str/Dex -1)
                  | [potion of mutation]
  3422 | D:4      | Gained mutation: Your natural rate of healing is unusually
                  | fast. [potion of mutation]
  3422 | D:4      | Gained mutation: You passively dampen the noise of your
                  | surroundings. [potion of mutation]
  3422 | D:4      | Gained mutation: You have hidden genetic potential. [potion
                  | of mutation]
  3422 | D:4      | Gained mutation: You are strong-willed. (Will+) [potion of
                  | mutation]
  3449 | D:4      | Found a broken altar of Ashenzari.
  3564 | D:4      | Reached skill level 6 in Armour
  3772 | D:4      | Found an ancient bone altar of Kikubaaqudgha.
  4039 | D:5      | Entered Level 5 of the Dungeon
  4122 | D:5      | Noticed Blork the orc
  4129 | D:5      | Killed Blork the orc
  4185 | D:5      | Reached XP level 8. HP: 53/71 MP: 0/7
  4291 | D:5      | Gained mutation: Your movements are slightly less
                  | encumbered by armour. (ER -2) [hidden potential]
  4435 | D:5      | Noticed Ijyb
  4445 | D:5      | Killed Ijyb
  4537 | D:5      | Reached skill level 7 in Armour
  4837 | D:5      | Found a staircase to the Ecumenical Temple.
  5005 | Temple   | Entered the Ecumenical Temple
  5139 | D:6      | Reached skill level 1 in Evocations
  5166 | D:6      | Reached XP level 9. HP: 76/81 MP: 0/8
  5171 | D:6      | Reached skill level 8 in Armour
  5191 | D:6      | Gained mutation: Your system is resistant to poisons.
                  | (rPois) [hidden potential]
  5191 | D:6      | Lost mutation: You have hidden genetic potential. [hidden
                  | potential expressed]
  5243 | D:6      | Found a basalt altar of Yredelemnul.
  5351 | D:6      | Noticed Duvessa
  5351 | D:6      | Noticed Dowan
  5357 | D:6      | Killed Duvessa
  5358 | D:6      | Noticed Eustachio
  5361 | D:6      | Killed Dowan
  5368 | D:6      | Killed Eustachio
  5763 | D:7      | Found a hide-covered altar of Uskayaw.
  5773 | D:7      | Found a hazy altar of Hepliaklqana.
  5776 | D:7      | Found an opulent altar of Gozag.
  5776 | D:7      | Found a shimmering altar of Xom.
  5787 | D:7      | Became a worshipper of Gozag Ym Sagoz the Greedy
  5790 | D:7      | Found an iron altar of Okawaru.
  5874 | D:7      | Found Namumpoa's Antique Weapon Boutique.
  6027 | D:7      | Found an ornate altar of the Wu Jian Council.
  6209 | D:7      | Reached skill level 9 in Armour
  6257 | D:7      | Reached XP level 10. HP: 91/91 MP: 0/9
  6451 | D:7      | Reached skill level 1 in Dodging
  6852 | D:8      | Noticed a boulder beetle
  6876 | D:8      | Killed a boulder beetle
  7123 | D:8      | Reached skill level 10 in Armour
  7202 | D:8      | Found a bloodstained altar of Trog.
  7229 | D:8      | Noticed a two-headed ogre
  7239 | D:8      | Killed a two-headed ogre
  7307 | D:8      | Found a blossoming altar of Fedhas.
  7412 | D:8      | Found a staircase to the Lair.
  7447 | D:8      | Reached XP level 11. HP: 95/99 MP: 1/10
  7583 | D:2      | Bought the +8 frozen axe "Frostbite" {freeze, freezing
                  | cloud, *Noise Fly rC+} for 917 gold pieces
  7583 | D:2      | Found the +8 frozen axe "Frostbite" {freeze, freezing
                  | cloud, *Noise Fly rC+}
  7704 | Lair:1   | Entered Level 1 of the Lair of Beasts
  7711 | Lair:1   | Reached skill level 10 in Shields
  7715 | Lair:1   | Reached skill level 11 in Armour
  7715 | Lair:1   | Reached skill level 5 in Evocations
  7725 | Lair:1   | Reached skill level 10 in Fighting
  8068 | Lair:1   | Reached skill level 10 in Axes
  8695 | Lair:2   | Reached skill level 5 in Dodging
  8748 | Lair:2   | Reached skill level 12 in Armour
  9085 | Lair:2   | Identified the +2 ring mail of Compression {Harm}
  9141 | Lair:2   | Noticed a death yak
  9141 | Lair:2   | Noticed a death yak
  9141 | Lair:2   | Noticed a death yak
  9141 | Lair:2   | Noticed a death yak
  9146 | Lair:2   | Killed a death yak
  9147 | Lair:2   | Reached XP level 12. HP: 14/108 MP: 2/11
  9147 | Lair:2   | HP: 1/108 [death yak (13)]
  9147 | Lair:2   | Killed a death yak
  9147 | Lair:2   | Slain by a death yak

Illustrated notes

Levels and vault maps discovered:
D:1:      matt_arrival_grand_opening, layout_loops_corners, serial_shops,
          nicolae_lakefront_shop
D:2:      layout_basic, serial_shops, nicolae_shop_bloodbath_and_beyond,
          uniq_natasha
D:3:      layout_loops_corners, minmay_misc_feat_more_columns, uniq_jessica,
          uniq_sigmund, uniq_robin
D:4:      layout_loops_ring, marbit_many_paths,
          mainiacjoe_overflow_six_doors_small, st_stairs_7, serial_bayou_ford_a
D:5:      layout_loops_corners, minmay_temple_entry_nine_rooms,
          uniq_blork_the_orc, uniq_ijyb
D:6:      layout_rooms, lemuel_round_altar, grunt_ministairs_2,
          nicolae_half_adder, uniq_duvessa, uniq_eustachio
D:7:      minmay_razor_zed, layout_basic,
          mainiacjoe_overflow_concentric_impassable,
          nicolae_overflow_hallway_of_the_gods, serial_shops,
          nicolae_take_the_stairs, grunt_ministairs_6
D:8:      layout_rooms, mainiacjoe_overflow_24_doors, nicolae_ru_awakened_eye,
          old_standard_altar, due_lair_maze_entry_diamond, special_room
          [special_room_orc]
Temple:   hellmonk_temple_two_chambers
Lair:1:   hellmonk_ruined_rings, layout_loops_ring, lemuel_fruit_tree
Lair:2:   layout_regular_city

Skill      XL: |  1  2  3  4  5  6  7  8  9 10 11 |
---------------+----------------------------------+-----
Shields        | 4 5 6 7 9 10 | 10.9
Armour         | 4 5 6 7 9 10 12 | 12.5
Fighting       | 4 5 6 7 9 10 | 10.8
Axes           | 3 4 5 6 7 8 9 10 | 10.6
Evocations     | 1 3 4 6 |  6.0
Dodging        | 3 5 |  5.6

Action                     |  1- 3 |  4- 6 |  7- 9 | 10-12 || total
---------------------------+-------+-------+-------+-------++-------
  Melee: War axe           |    44 |   130 |   220 |   209 ||   603
         Headbutt          |     6 |    17 |    61 |    69 ||   153
         Executioner's axe |       |       |       |    86 ||    86
    Use: Scroll            |     5 |     4 |     4 |     2 ||    15
         Potion            |       |     6 |     3 |       ||     9
   Stab: Distracted        |       |       |       |     6 ||     6
 Armour: Scale mail        |    21 |    64 |    44 |       ||   129
         Chain mail        |       |       |    66 |   131 ||   197
  Dodge: Dodged            |    21 |    64 |    94 |   137 ||   316
  Block: Buckler           |    12 |    33 |    68 |    63 ||   176
